 Dungeon Crawl Stone Soup version 0.29.1-4-g47bece8355 (webtiles) character file.

Game seed: 16636766964674660670

231199 sanboga the Tortoise (level 18, -1/180 HPs)
             Began as a Minotaur Fighter on Dec 1, 2022.
             Was the Champion of Trog.
             Slain by a sea snake (6 damage)
             ... on level 4 of the Shoals.
             The game lasted 00:52:03 (31840 turns).

sanboga the Tortoise (Minotaur Fighter)            Turns: 31840, Time: 00:52:04

Health: -1/180     AC: 45    Str: 35    XL:     18   Next: 78%
Magic:  15/15      EV:  7    Int:  5    God:    Trog [******]
Gold:   2217       SH: 15    Dex: 10    Spells: 17/17 levels left

rFire   . . .      SeeInvis +   d - +9 broad axe (elec)
rCold   + + +      Faith    .   I - +0 kite shield {reflect}
rNeg    . . .      Spirit   .   H - +7 crystal plate armour {rC+}
rPois   .          Reflect  +   e - +2 hat {Will+}
rElec   .          Harm     .   w - +0 cloak
rCorr   .          Rampage  .   G - +2 pair of gloves "Idamuigh" {rC+ Regen+}
Will    ++...                   h - +1 pair of boots of the Hot Ocelot {rC+ SInv}
Stlth   ..........              i - amulet of regeneration
HPRegen 2.00/turn               a - +6 ring of strength
MPRegen 0.14/turn               g - ring of flight

@: lethally poisoned (-1 -> -8), about to teleport, flying
A: horns 2, retaliatory headbutt, low MP 1
}: 1/15 runes: serpentine
a: Renounce Religion, Berserk, Trog's Hand, Brothers in Arms


You were on level 4 of the Shoals.
You worshipped Trog.
Trog was exalted by your worship.
You visited 6 branches of the dungeon, and saw 31 of its levels.
You also visited: Gauntlet and Ice Cave.

You collected 3344 gold pieces.
You spent 1127 gold pieces at shops.

Inventory:

Hand Weapons
 c - a +4 broad axe of flaming
 d - a +9 broad axe of electrocution (weapon)
Armour
 e - a +2 hat of willpower (worn)
 h - the +1 pair of boots of the Hot Ocelot (worn) {rC+ SInv}
   (You found it on level 4 of the Snake Pit)

   rC:        It protects you from cold.
   SInv:      It lets you see invisible.
 w - a +0 cloak (worn)
 G - the +2 pair of gloves "Idamuigh" (worn) {rC+ Regen+}
   (You bought it in a shop on level 9 of the Dungeon)

   rC:        It protects you from cold.
   Regen:     It increases your rate of health regeneration.
 H - a +7 crystal plate armour of cold resistance (worn)
 I - a +0 kite shield of reflection (worn)
Jewellery
 a - a +6 ring of strength (left hand)
 g - a ring of flight (right hand)
 i - an amulet of regeneration (around neck)
 j - a ring of protection from fire
 l - a ring of poison resistance
Wands
 m - a wand of digging (11)
 t - a wand of iceblast (23)
 u - a wand of mindburst (22)
 v - a wand of acid (13)
 C - a wand of polymorph (4)
 D - a wand of flame (36)
 F - a wand of paralysis (22)
Scrolls
 k - 2 scrolls of silence
 r - 5 scrolls of blinking
 x - 6 scrolls of magic mapping
 y - 4 scrolls of brand weapon
 z - 6 scrolls of teleportation
 B - 18 scrolls of identify
 J - 3 scrolls of fear
Potions
 b - 5 potions of invisibility
 f - 12 potions of heal wounds
 n - 2 potions of resistance
 o - 17 potions of curing
 p - 6 potions of haste
 q - 3 potions of mutation
 s - 9 potions of might
 A - 2 potions of ambrosia


   Skills:
 + Level 20.8 Fighting
 - Level 18.0 Axes
 + Level 20.9 Armour
 + Level 20.9 Shields
 + Level 8.7 Evocations


You had 17 spell levels left.
You didn't know any spells.
Your spell library contained the following spells:

 Spells                   Type           Power      Damage    Failure   Level
 Sandblast                Erth           0%         2d4       99%         1
 Passwall                 Tmut/Erth      0%         N/A       100%        2
 Poisonous Vapours        Pois/Air       0%         N/A       100%        2
 Stone Arrow              Conj/Erth      0%         3d7       100%        3
 Corpse Rot               Necr/Pois/Air  0%         N/A       100%        4
 Summon Lightning Spire   Summ/Air       0%         N/A       100%        4
 Storm Form               Tmut/Air       0%         N/A       100%        7
 Maxwell's Capacitive Co  Air            0%         ∞         100%        8


Dungeon Overview and Level Annotations

Branches:
Dungeon (15/15)            Temple (1/1) D:6            Lair (5/5) D:9
 Shoals (4/4) Lair:3        Snake (4/4) Lair:3        Slime (0/5) Lair:5
    Orc (2/2) D:9             Elf (0/3) Orc:2        Vaults (0/5) D:14
 Depths (0/4) D:15          IceCv (visited)         Gauntlet (visited)

Altars:
Ashenzari
Dithmenos
Fedhas
Kikubaaqudgha
Makhleb
Qazlal
Ru
Sif Muna
Trog
Wu Jian
Xom
Yredelemnul
Zin
The Shining One
Jiyva

Shops:
D:5 :   D:8 (   D:9 *   D:11 !   Orc:2 **:[   Shoals:1 [

Portals:
Pandemonium: Orc:2


Innate Abilities, Weirdness & Mutations

You have a pair of horns on your head.
You reflexively headbutt those who attack you in melee.
Your magical capacity is low. (-10% MP)


Message History

The merfolk impaler freezes you.
* * * LOW HITPOINT WARNING * * *
The tentacle slaps you but does no damage.
The merfolk aquamancer hits you but does no damage.
You barely miss the merfolk aquamancer.
The merfolk aquamancer is lightly wounded.
You slash the tentacle! You barely miss the merfolk impaler.
You miss the merfolk impaler. You slice the merfolk avatar!!
You are no longer entranced.
You kill the merfolk avatar!
Trog accepts your kill.
Trog appreciates your killing of a magic user.
You are engulfed in a cloud of scalding steam.
* * * LOW HITPOINT WARNING * * *
You feel very sick.
The merfolk hits you but does no damage.
The merfolk impaler hits you with a +3 demon trident of freezing!
* * * LOW HITPOINT WARNING * * *
The tentacle slaps you but does no damage.
You block the merfolk impaler's attack. You block the merfolk's attack.
You block the merfolk impaler's attack.
The merfolk impaler hits you but does no damage.
The sea snake barely misses you. You furiously retaliate!
You headbutt the sea snake.
The merfolk impaler hits you but does no damage.
You feel much better.
You feel very sick. You block the tentacle's attack.
You block the merfolk impaler's attack. x2
The merfolk hits you but does no damage.
The merfolk impaler is engulfed in a cloud of scalding steam.
The merfolk impaler hits you with a +5 demon trident of freezing!
* * * LOW HITPOINT WARNING * * *
You block the merfolk aquamancer's attack.
You block the merfolk's attack.
The merfolk siren chants a haunting song.
You resist. The merfolk barely misses you.
The merfolk impaler hits you with a +3 demon trident of freezing!
* * * LOW HITPOINT WARNING * * *
The sea snake bites you.
You die...

#≈≈≈≈≈~....~~~~~~~~......#
#≈≈≈≈≈~..###~#~~~~.......#
#≈≈≈≈≈~~#######~~~......†.
#≈≈≈≈~###$# #~###~...†..†~
#≈≈≈≈~~#~~~≈~ ~#~~....†..~
#≈≈≈≈~~#ww#m ~##~.....†.~~
#≈≈≈≈~~##Zm ~≈ #~.......~~
#≈≈≈~~##wm#m#~~#~..).<..~~
#≈≈≈~~##m@Sm~~~#~......~~~
#≈≈≈~~~#~m#m~~##.......~~≈
#≈≈≈≈≈~m### ###...P...~~~≈
#≈≈≈≈≈≈~~# #.....^.P~~≈≈
#≈≈≈≈≈≈≈~~~~~~.PP~P~~~~≈≈≈
#≈≈≈≈≈≈≈≈≈≈P~~
#≈≈≈≈≈≈≈≈≈≈≈≈≈≈
#≈≈≈≈≈≈≈≈≈≈≈≈≈≈
#≈≈≈≈≈≈≈≈≈≈≈≈≈≈


You could see 4 merfolk impalers, a sea snake, a merfolk aquamancer, 3 merfolk,
3 tentacles, a merfolk siren and a kraken simulacrum.

Vanquished Creatures
  Bai Suzhen (Snake:3)
  Vashnia (Snake:4)
  Saint Roka (Snake:3)
  Rupert (D:12)
  Jorgrun (Shoals:1)
  Polyphemus (Shoals:2)
  Frances (Shoals:2)
  Donald (Orc:2)
  Ilsuiw (Shoals:2)
  4 nagarajas (Snake:4)
  The ghost of FizzleBangTC the Eclecticist, a journeyman MeEE of Kikubaaqudgha (Snake:4)
  A frost giant (Shoals:4)
  Aizul (Shoals:4)
  Louise (Shoals:4)
  Nessos (Orc:2)
  A dire elephant (Lair:5)
  A minotaur (Gauntlet)
  Snorg (D:11)
  10 merfolk impalers
  3 merfolk javelineers
  Josephine (D:11)
  3 demonspawn (Orc:2)
  11 hydras
  4 salamander tyrants
  4 catoblepae
  2 boulder beetles
  7 two-headed ogres
  12 naga warriors
  5 merfolk avatars
  3 merfolk aquamancers (Shoals:4)
  7 centaur warriors
  An alligator (shapeshifter) (D:15)
  12 anacondas
  A deep troll shaman (Lair:5)
  5 orc high priests (Orc:2)
  8 death yaks
  17 naga sharpshooters
  A soul eater (Orc:2)
  11 shock serpents
  Sonja (Orc:2)
  Amaemon (D:9)
  9 naga ritualists
  3 salamander mystics
  11 sea snakes
  An obsidian statue (Gauntlet)
  A bog body (IceCv)
  A wizard (D:10)
  Pikel (D:7)
  17 harpies
  5 orc knights
  5 deep elf pyromancers
  11 mana vipers
  A necromancer (IceCv)
  A mana viper (shapeshifter) (D:15)
  28 ugly things
  A wolf spider (D:15)
  13 orc sorcerers
  3 fauns (Shoals:2)
  4 cyclopes
  11 manticores
  22 salamanders
  A moth of wrath (Snake:4)
  34 black mambas
  4 water nymphs
  3 ice statues
  13 merfolk sirens
  A guardian serpent (shapeshifter) (D:15)
  16 elephants
  3 orange demons
  Maurice (D:10)
  5 guardian serpents
  11 cane toads
  15 naga magi
  3 gargoyles
  An unseen horror (D:11)
  4 rime drakes
  2 tengu conjurers
  7 komodo dragons
  A freezing wraith (IceCv)
  2 unseen horrors (shapeshifter)
  A yaktaur (D:15)
  4 ice devils (IceCv)
  2 anaconda simulacra (IceCv)
  6 meliai
  4 polar bears
  8 trolls
  8 merfolk
  9 wind drakes
  A hornet (D:9)
  14 slime creatures
  14 blink frogs
  3 dream sheep (Shoals:2)
  Prince Ribbit (D:9)
  6 snapping turtles
  6 dire elephant simulacra (IceCv)
  5 water elementals
  4 wraiths
  A vampire (D:14)
  4 fire bats (D:10)
  6 basilisks
  39 yaks
  4 chaos spawn
  3 neqoxecs
  2 steam dragons
  2 death yak simulacra (IceCv)
  12 vampire mosquitoes
  45 nagas
  A harpy simulacrum (IceCv)
  7 wargs
  An acid dragon (D:10)
  A hydra simulacrum (IceCv)
  A hell hound (D:10)
  24 water moccasins
  29 orc warriors
  A sky beast (D:4)
  6 black bears
  An ice beast (D:7)
  28 wolves
  16 centaurs
  9 ogres
  3 kobold brigands (D:13)
  3 phantoms
  6 bullfrogs
  3 necrophages
  A scorpion (D:5)
  20 wights
  8 killer bees (D:9)
  An elephant simulacrum (Lair:1)
  4 electric eels (D:12)
  6 howler monkeys
  2 lava snakes (D:10)
  3 hounds (D:6)
  A quasit (D:10)
  7 jellies
  29 orc priests
  Crazy Yiuf (D:5)
  A gnoll bouda (D:9)
  Natasha (thrice) (D:2)
  17 orc wizards
  A troll simulacrum (IceCv)
  3 gnolls (D:9)
  A naga simulacrum (IceCv)
  5 adders
  A shadow imp (D:7)
  2 white imps
  4 ufetubi
  82 orcs
  12 ball pythons
  15 endoplasms
  A giant cockroach (D:1)
  11 goblins
  6 hobgoblins
  5 jackals
  6 quokkas
  3 bats
  17 frilled lizards
  15 kobolds
  A rat (D:1)
  A bush (Lair:4)
  2 fire vortices (D:10)
  A plant (Shoals:2)
1080 creatures vanquished.

Vanquished Creatures (others)
  Asterion (Snake:2)
  A naga mage (Snake:4)
  Sigmund (D:5)
  An ufetubus (D:7)
  An orc (Snake:3)
  A fire vortex (D:10)
  18 fungi
  69 plants
  2 withered plants (D:3)
95 creatures vanquished.

Grand Total: 1175 creatures vanquished

Notes
Turn   | Place    | Note
-------+----------+-------------------------------------------
     0 | D:1      | sanboga the Minotaur Fighter began the quest for the Orb.
     0 | D:1      | Reached XP level 1. HP: 19/19 MP: 0/0
    25 | D:1      | Reached XP level 2. HP: 9/27 MP: 1/1
    54 | D:1      | HP: 1/27 [frilled lizard (1)]
   530 | D:1      | Reached XP level 3. HP: 33/33 MP: 2/2
   912 | D:1      | Found a faded altar of an unknown god.
  1291 | D:2      | Noticed Natasha
  1299 | D:2      | Killed Natasha
  1300 | D:2      | Reached XP level 4. HP: 33/40 MP: 3/3
  1813 | D:2      | Noticed Natasha
  1822 | D:2      | Killed Natasha
  2035 | D:2      | Noticed Natasha
  2042 | D:2      | Killed Natasha
  2043 | D:2      | Reached XP level 5. HP: 36/47 MP: 4/4
  2657 | D:3      | Found an ancient bone altar of Kikubaaqudgha.
  3185 | D:4      | Noticed a sky beast
  3198 | D:4      | Killed a sky beast
  3199 | D:4      | Reached skill level 5 in Axes
  3199 | D:4      | Reached XP level 6. HP: 55/55 MP: 5/5
  3225 | D:4      | Reached skill level 5 in Armour
  3228 | D:4      | Reached skill level 5 in Fighting
  3228 | D:4      | Reached skill level 5 in Shields
  3501 | D:4      | Found a glowing silver altar of Zin.
  3564 | D:4      | Reached XP level 7. HP: 61/61 MP: 6/6
  3820 | D:4      | Found a shimmering altar of Xom.
  3820 | D:4      | Noticed an angel
  4372 | D:5      | Entered Level 5 of the Dungeon
  4602 | D:5      | Found a runed translucent door.
  4603 | D:5      | Noticed Crazy Yiuf
  4651 | D:5      | Noticed Sigmund
  4678 | D:5      | Killed Sigmund
  4873 | D:5      | Found Juotuloq's Book Shop.
  4919 | D:5      | Identified the +2 robe of the Armadillo {Regen+ Int+5
                  | Dex-4}
  5045 | D:5      | Reached XP level 8. HP: 57/70 MP: 7/7
  5544 | D:5      | Killed Crazy Yiuf
  5788 | D:6      | Found a staircase to the Ecumenical Temple.
  5805 | Temple   | Entered the Ecumenical Temple
  5815 | Temple   | Became a worshipper of Trog the Wrathful
  6813 | D:8      | Reached XP level 9. HP: 77/79 MP: 8/8
  7014 | D:8      | Reached * piety under Trog
  7159 | D:8      | Reached skill level 10 in Axes
  7234 | D:8      | Noticed a gargoyle
  7247 | D:8      | Killed a gargoyle
  7769 | D:7      | Noticed Pikel
  7779 | D:7      | Killed Pikel
  7792 | D:7      | Reached XP level 10. HP: 30/90 MP: 9/9
  8489 | D:8      | Found Fixaekil's Antique Weapon Shoppe.
  8774 | D:9      | Noticed a two-headed ogre
  8780 | D:9      | Killed a two-headed ogre
  8829 | D:9      | Noticed Amaemon
  8829 | D:9      | Noticed an orange demon
  8845 | D:9      | Killed Amaemon
  8845 | D:9      | Noticed Prince Ribbit
  8846 | D:9      | Killed an orange demon
  8852 | D:9      | Killed Prince Ribbit
  9190 | D:9      | Found a staircase to the Lair.
  9232 | D:9      | Found Usia's General Store.
  9292 | D:9      | Found a staircase to the Orcish Mines.
  9448 | D:9      | Bought the +2 pair of gloves "Idamuigh" {rC+ Regen+} for
                  | 370 gold pieces
  9532 | D:9      | Noticed a two-headed ogre
  9540 | D:9      | Killed a two-headed ogre
  9541 | D:9      | Reached XP level 11. HP: 70/99 MP: 10/10
  9756 | D:9      | Reached skill level 10 in Armour
  9810 | D:9      | Reached ** piety under Trog
  9811 | D:9      | Reached skill level 10 in Fighting
  9874 | D:9      | Reached skill level 10 in Shields
 10102 | D:10     | Entered Level 10 of the Dungeon
 10148 | D:10     | Noticed a white ugly thing
 10155 | D:10     | Killed a white ugly thing
 10164 | D:10     | Found a sacrificial altar of Ru.
 10170 | D:10     | Found a blossoming altar of Fedhas.
 10172 | D:10     | Found a burning altar of Makhleb.
 10173 | D:10     | Found a broken altar of Ashenzari.
 10180 | D:10     | Found a stormy altar of Qazlal.
 10215 | D:10     | Noticed a wizard
 10223 | D:10     | Killed a wizard
 10348 | D:10     | Found a basalt altar of Yredelemnul.
 10352 | D:10     | Found a glowing golden altar of the Shining One.
 10355 | D:10     | Noticed an angel
 10436 | D:10     | Noticed Maurice
 10447 | D:10     | Killed Maurice
 10490 | D:10     | Reached *** piety under Trog
 10912 | D:11     | Noticed Snorg
 10923 | D:11     | Killed Snorg
 10924 | D:11     | Reached XP level 12. HP: 110/110 MP: 11/11
 10957 | D:11     | Found Joca's Distillery.
 10985 | D:11     | Bought a potion of magic for 112 gold pieces
 11034 | D:11     | Identified a scroll of acquirement
 11041 | D:11     | Acquired a +3 broad axe of electrocution
 11123 | D:11     | You fall into a shaft and drop 1 floor!
 11132 | D:12     | Found a gate leading to a gauntlet.
 11136 | Gauntlet | Entered a Gauntlet
 11136 | Gauntlet | Found a transporter.
 11146 | Gauntlet | Found a transporter.
 11149 | Gauntlet | Found a transporter.
 11150 | Gauntlet | Found a transporter.
 11161 | Gauntlet | Found a transporter.
 11161 | Gauntlet | Found a transporter.
 11162 | Gauntlet | Found a transporter.
 11217 | Gauntlet | Found a transporter.
 11221 | Gauntlet | Found a transporter.
 11227 | Gauntlet | Found a transporter.
 11233 | Gauntlet | Found a transporter.
 11237 | Gauntlet | Found a transporter.
 11243 | Gauntlet | Found a transporter.
 11243 | Gauntlet | Noticed a five-headed hydra
 11249 | Gauntlet | Found a transporter.
 11338 | Gauntlet | Reached skill level 15 in Axes
 11508 | Gauntlet | Identified the +10 long sword of Cyd Joo {flame, rF++ rN+
                  | rCorr}
 11525 | Gauntlet | Noticed a minotaur
 11534 | Gauntlet | Killed a minotaur
 11710 | D:11     | Noticed Josephine
 11717 | D:11     | Killed Josephine
 12126 | D:12     | Reached **** piety under Trog
 12233 | D:12     | Noticed Rupert
 12233 | D:12     | Paralysed by Rupert for 3 turns
 12245 | D:12     | Killed Rupert
 12500 | D:12     | Identified the ring "Uquycac" {Fly rF- MP+9 Int+7 SInv}
 12772 | D:13     | Noticed a two-headed ogre
 12778 | D:13     | Killed a two-headed ogre
 12782 | D:13     | Noticed a centaur warrior
 12790 | D:13     | Killed a centaur warrior
 12835 | D:13     | Reached XP level 13. HP: 75/119 MP: 4/12
 14088 | D:14     | Found a gate to the Vaults.
 14199 | D:14     | Reached ***** piety under Trog
 14608 | D:15     | Entered Level 15 of the Dungeon
 14784 | D:15     | Reached XP level 14. HP: 132/132 MP: 10/13
 15073 | D:15     | Found a staircase to the Depths.
 15655 | Lair:1   | Entered Level 1 of the Lair of Beasts
 15702 | Lair:1   | Found a frozen archway.
 15723 | IceCv    | Entered an ice cave
 16075 | IceCv    | Received a gift from Trog
 16096 | IceCv    | Reached skill level 15 in Shields
 16110 | IceCv    | Reached skill level 15 in Fighting
 16110 | IceCv    | Reached skill level 15 in Armour
 16488 | Lair:1   | You fall into a shaft and drop 1 floor!
 18485 | Lair:3   | Found a staircase to the Snake Pit.
 18508 | Lair:3   | Reached XP level 15. HP: 118/143 MP: 12/14
 18547 | Lair:3   | Found a staircase to the Shoals.
 18552 | Lair:3   | Reached ****** piety under Trog
 19998 | Lair:5   | Entered Level 5 of the Lair of Beasts
 20428 | Lair:5   | Found a staircase to the Slime Pits.
 20429 | Lair:5   | Found a viscous altar of Jiyva.
 21235 | Orc:1    | Entered Level 1 of the Orcish Mines
 21263 | Orc:1    | Received a gift from Trog
 21569 | Orc:2    | Entered Level 2 of the Orcish Mines
 21578 | Orc:2    | Found a staircase to the Elven Halls.
 21681 | Orc:2    | Found Wothycvo's General Store.
 21682 | Orc:2    | Found Efaose Xina's General Store.
 21692 | Orc:2    | Gained mutation: Your magical capacity is low. (-10% MP) [a
                  | neqoxec]
 21742 | Orc:2    | Bought a scroll of enchant armour for 120 gold pieces
 21742 | Orc:2    | Bought a scroll of blinking for 120 gold pieces
 21742 | Orc:2    | Bought a scroll of magic mapping for 120 gold pieces
 21791 | Orc:2    | Paralysed by an orc sorcerer for 5 turns
 21806 | Orc:2    | Paralysed by an orc sorcerer for 5 turns
 21820 | Orc:2    | Reached XP level 16. HP: 57/155 MP: 5/13
 22129 | Orc:2    | Noticed Sonja
 22130 | Orc:2    | Noticed Donald
 22147 | Orc:2    | Received a gift from Trog
 22149 | Orc:2    | Killed Donald
 22159 | Orc:2    | Killed Sonja
 22322 | Orc:2    | Found Ytainah's Antique Armour Shoppe.
 22322 | Orc:2    | Found a one-way gate leading to the halls of Pandemonium.
 22322 | Orc:2    | Found Zeirchib's Book Emporium.
 22522 | Orc:2    | Found a bloodstained altar of Trog.
 22533 | Orc:2    | Noticed Nessos
 22539 | Orc:2    | Killed Nessos
 22894 | Snake:1  | Entered Level 1 of the Snake Pit
 23826 | Snake:2  | Received a gift from Trog
 23832 | Snake:2  | Reached skill level 1 in Evocations
 24791 | Snake:3  | Noticed Asterion
 24810 | Snake:2  | Killed Asterion
 25209 | Snake:3  | Noticed Bai Suzhen
 25222 | Snake:3  | Killed Bai Suzhen
 25224 | Snake:3  | Noticed Saint Roka
 25331 | Snake:3  | Killed Saint Roka
 25362 | Snake:3  | Reached XP level 17. HP: 90/165 MP: 8/14
 26159 | Snake:4  | Entered Level 4 of the Snake Pit
 26173 | Snake:4  | Received a gift from Trog
 26258 | Snake:4  | Reached skill level 5 in Evocations
 26605 | Snake:4  | Noticed Vashnia
 26871 | Snake:4  | Killed Vashnia
 27029 | Snake:4  | Received a gift from Trog
 27220 | Snake:4  | Found a transporter.
 27223 | Snake:4  | Noticed FizzleBangTC's ghost (journeyman MeEE)
 27296 | Snake:4  | Found a transporter.
 27911 | Snake:4  | Got a serpentine rune of Zot
 28178 | Snake:4  | Killed FizzleBangTC's ghost
 28185 | Snake:4  | Identified the +1 pair of boots of the Hot Ocelot {rC+
                  | SInv}
 28372 | Shoals:1 | Entered Level 1 of the Shoals
 28659 | Shoals:1 | Found Fits's Antique Armour Emporium.
 28673 | Shoals:1 | Reached XP level 18. HP: 132/178 MP: 15/15
 28727 | Shoals:1 | Bought a pair of brightly glowing gloves for 285 gold
                  | pieces
 28727 | Shoals:1 | Identified the +2 pair of gloves of the Bells {rC+ Str+5
                  | Int-5} (You bought it in a shop on level 1 of the Shoals)
 28770 | Shoals:1 | Noticed Jorgrun
 28785 | Shoals:1 | Killed Jorgrun
 29256 | Shoals:2 | Noticed Frances
 29266 | Shoals:2 | Received a gift from Trog
 29273 | Shoals:2 | Killed Frances
 29510 | Shoals:2 | Noticed Polyphemus
 29534 | Shoals:2 | Killed Polyphemus
 29911 | Shoals:2 | Noticed Ilsuiw
 29979 | Shoals:2 | Killed Ilsuiw
 31362 | Shoals:4 | Entered Level 4 of the Shoals
 31433 | Shoals:4 | Received a gift from Trog
 31607 | Shoals:4 | Noticed Aizul
 31629 | Shoals:4 | Killed Aizul
 31717 | Shoals:4 | Noticed Louise
 31738 | Shoals:4 | Killed Louise
 31840 | Shoals:4 | HP: 5/180 [merfolk impaler/+3 demon trident of freezing
                  | (13)]
 31840 | Shoals:4 | Slain by a sea snake

Illustrated notes

Levels and vault maps discovered:
D:1:      onia_arrival_pyramid, layout_basic,
          shapermc_ecumenical_altar_mp_ritualfount, minmay_lizard_pond
D:2:      layout_basic, uniq_natasha
D:3:      layout_loops_cross, kiku_gazebo_garden_becter, saegor_snake_ambush
D:4:      minmay_octagon_keep, layout_cave_pools,
          grunt_temple_overflow_order_and_chaos_1, minmay_misc_feat_plants,
          hangedman_decor_opposing, grunt_ministairs_13
D:5:      layout_basic, serial_shops, shop, uniq_sigmund,
          uniq_crazy_yiuf_cottage
D:6:      layout_basic, minmay_temple_entry_offerings
D:7:      layout_basic, minmay_diced_spiral, uniq_pikel
D:8:      layout_gridville, serial_shops, shop, minmay_manual_macuahuitl
D:9:      layout_long_grid, erik_lair_orcish_takeover,
          minmay_orc_entry_guard_dogs, serial_shops,
          nicolae_inconvenience_store, uniq_amaemon, uniq_prince_ribbit1
D:10:     layout_roguey, grunt_temple_overflow_holy_war,
          nicolae_overflow_hallway_of_the_gods, serial_demonic,
          serial_demonic_d, serial_demonic_g, serial_demonic_a,
          serial_demonic_c, hangedman_incinerator, uniq_maurice
D:11:     layout_cave_pools, serial_shops, shop, uniq_snorg, uniq_josephine
D:12:     layout_basic, gauntlet_entry_generic, uniq_rupert
D:13:     layout_basic, minmay_unpleasant_kobolds
D:14:     layout_gridville, david_vaults_1, nicolae_water_bricks
D:15:     hangedman_depths_entry_try_elsewhere_first, layout_irregular_city,
          small_statue_intersection
Temple:   nicolae_temple_bog_church
Lair:1:   layout_cave_pods, portal_ice_cave_entry_ice_simulacra, pond
Lair:2:   layout_long_grid, st_stairs_7
Lair:3:   layout_loops_ring, shoals_dummy_entry,
          minmay_snake_entry_six_corridors, lemuel_fruit_fields
Lair:4:   layout_gridlike, chequers_serial_rivers_micro_e
Lair:5:   grunt_lair_end_beastmaster, layout_layer_cave,
          nicolae_slime_entry_slimehenge, chequers_serial_rivers_micro_b
Shoals:1: layout_shoals, serial_shops, shop, uniq_jorgrun
Shoals:2: layout_shoals, uniq_polyphemus, uniq_ilsuiw, uniq_frances
Shoals:3: layout_shoals
Shoals:4: shoals_end_grunt_ice, layout_shoals, uniq_aizul, uniq_louise
Snake:1:  layout_onion, lemuel_fruit_tree
Snake:2:  layout_cave_town, nicolae_triple_integral
Snake:3:  layout_honeycomb, uniq_saint_roka, uniq_asterion, uniq_bai_suzhen
Snake:4:  johnstein_snake_rune_scales, layout_cave_town,
          gammafunk_ghost_berserking_beasts, serial_bayou_pond_e
Orc:1:    layout_diamond_mine
Orc:2:    pf_orc_diabolical, layout_diamond_mine, basic_altar, uniq_nessos,
          uniq_sonja, uniq_donald

Skill      XL: |  1  2  3  4  5  6  7  8  9 10 11 12 13 14 15 16 17 18 |
---------------+-------------------------------------------------------+-----
Axes           | 3 4 5 6 7 9 11 13 14 16 18 | 18.0
Armour         | 4 5 6 7 8 9 11 12 14 15 17 18 20 | 20.9
Shields        | 4 5 6 7 8 9 11 12 14 15 17 18 20 | 20.9
Fighting       | 4 5 6 7 8 9 11 12 14 15 17 18 20 | 20.8
Evocations     | 4 7 8 |  8.7

Action                   |  1- 3 |  4- 6 |  7- 9 | 10-12 | 13-15 | 16-18 || total
-------------------------+-------+-------+-------+-------+-------+-------++-------
Melee: War axe           |    93 |    99 |   222 |   232 |       |       ||   646
       Headbutt          |    10 |    11 |    35 |    64 |   214 |   256 ||   590
       Broad axe         |       |       |       |   126 |   844 |  1139 ||  2109
       Long sword        |       |       |       |       |    41 |       ||    41
Invok: Berserk           |       |       |       |     7 |     7 |     7 ||    21
Evoke: Wand              |       |       |       |       |     1 |       ||     1
  Use: Scroll            |       |     5 |     5 |    14 |    15 |     7 ||    46
       Potion            |       |     2 |       |       |       |     1 ||     3
 Stab: Invisible         |       |     3 |       |       |       |       ||     3
       Distracted        |       |       |       |     2 |       |       ||     2
       Petrified         |       |       |       |       |     7 |     4 ||    11
       Petrifying        |       |       |       |       |     4 |     1 ||     5
Armor: Scale mail        |    34 |       |       |       |       |       ||    34
       Chain mail        |    27 |    57 |   111 |   165 |   179 |       ||   539
       Crystal plate arm |       |       |       |       |   482 |   781 ||  1263
Dodge: Dodged            |    56 |    52 |   107 |   164 |   265 |   241 ||   885
Block: Buckler           |    23 |    28 |    49 |    96 |   281 |    16 ||   493
       Kite shield       |       |       |       |       |       |   782 ||   782
       Reflection        |       |       |       |       |       |    91 ||    91
